 Dungeon Crawl Stone Soup version 0.31-a0-105-gc0b45f0da6 (webtiles) character file.

Game seed: 6230495711201925902

1110 Colgate the Twirler (level 8, -1/62 HPs)
             Began as a Meteoran Necromancer on May 27, 2023.
             Was a Follower of Kikubaaqudgha.
             Killed from afar by Erica (19 damage)
             ... with a lance of force
             ... on level 8 of the Dungeon.
             The game lasted 00:32:28 (1376 turns).

Colgate the Twirler (Meteoran Necromancer)          Turns: 1376, Time: 00:32:28

Health: -1/62      AC:  7    Str: 10    XL:     8   Next: 90%
Magic:  3/17       EV: 12    Int: 18    God:    Kikubaaqudgha [*.....]
Gold:   153        SH:  0    Dex: 15    Spells: 9/17 levels left

rFire   . . .        e - +2 lajatang (distort)
rCold   . . .        (shield currently unavailable)
rNeg    . . .        j - +3 leather armour
rPois   .            (no helmet)
rElec   .            (no cloak)
rCorr   .            o - +0 pair of gloves
SInv    .            (no boots)
Will    +....        (no amulet)
Stlth   +            (no ring)
HPRegen 0.30/turn    (no ring)
MPRegen 0.15/turn

%: no passive effects
@: lethally poisoned (-1 -> -6), slowed, glowing, very slow
A: sense surroundings 1, otherworldly, glowing, explore regen
a: Renounce Religion, Unearth Wretches


You were on level 8 of the Dungeon.
You worshipped Kikubaaqudgha.
Kikubaaqudgha was aware of your devotion.
You visited 2 branches of the dungeon, and saw 9 of its levels.

You collected 153 gold pieces.

Inventory:

Hand Weapons
 a - a +1 short sword of freezing
 b - a +0 sling
 e - a +2 lajatang of distortion (weapon)
Missiles
 s - 2 throwing nets {!f}
 t - 4 curare-tipped darts
Armour
 d - a +0 robe
 g - an orb of mayhem
 j - a +3 leather armour (worn)
 o - a +0 pair of gloves (worn)
Scrolls
 c - 2 scrolls of teleportation {@r3}
 i - a scroll of noise
 l - 2 scrolls of magic mapping {@r5}
 p - 3 scrolls of amnesia {unknown}
 r - 2 scrolls of immolation {unknown}
Potions
 f - 2 potions of mutation {unknown}
 h - a potion of magic
 k - 2 potions of heal wounds {unknown}
 m - a potion of brilliance {unknown}
 n - a potion of resistance {unknown}
 q - a potion of lignification {unknown}
 u - a potion of enlightenment {unknown}


   Skills:
 - Level 2.7 Fighting
 + Level 7.5 Staves
 - Level 2.4 Dodging
 - Level 1.4 Stealth
 - Level 5.4 Spellcasting
 - Level 7.1 Necromancy


You had 9 spell levels left.
You knew the following spells:

 Your Spells              Type           Power      Damage    Failure   Level
a - Necrotise             Necr           100%       1d9       1%          1
b - Vampiric Draining     Necr           30%        2d8       2%          3
c - Animate Dead          Necr           30%        N/A       9%          4

Your spell library contained the following spells:

 Spells                   Type           Power      Damage    Failure   Level
 Kiss of Death            Conj/Necr      60%        2d10      5%          1
 Cigotuvi's Dreadful Rot  Necr/Pois/Air  20%        N/A       14%         2
 Agony                    Necr           30%        N/A       26%         5
 Borgnjor's Vile Clutch   Necr/Erth      7%         N/A       82%         5
 Alistair's Intoxication  Tmut/Pois      1%         N/A       99%         5
 Eringya's Noxious Bog    Tmut/Pois      1%         N/A       100%        6


Dungeon Overview and Level Annotations

Branches:
Dungeon (8/15) Zot: 3448   Temple (1/1) D:5 Zot: 530
   Lair: D:8-11

Altars:
Ashenzari
Cheibriados
Dithmenos
Elyvilon
Gozag
Kikubaaqudgha
Makhleb
Nemelex Xobeh
Ru
Sif Muna
Trog
Uskayaw
Vehumet
Wu Jian
Xom
Yredelemnul

Shops:
D:7 [

Annotations:
D:8 Erica


Innate Abilities, Weirdness & Mutations

You passively map a small area around you.
You are easily found by Zot.
You glow in the dark.
You regain HP and MP as you explore.


Message History

You resist with some effort.
You closely miss Erica.
Erica gestures wildly while chanting.
Erica flickers and vanishes!
Deactivating autopickup; reactivate with Ctrl-A.
You barely miss something. Something hits you! Something burns you.
Casting: Animate Dead (dangerous; 9% risk of failure)
Aiming: Vampiric Draining (dangerous; 2% risk of failure)
You draw life force from something!
You feel life coursing into your body.
You hear some strange, mumbled words.
You feel yourself slow down.
Casting: Vampiric Draining (dangerous; 2% risk of failure)
Aiming: Vampiric Draining (dangerous; 2% risk of failure)
You draw life force from something!
You feel life coursing into your body. Something hits you. Something burns you.
Casting: Vampiric Draining (dangerous; 2% risk of failure)
Aiming: Vampiric Draining (dangerous; 2% risk of failure)
You draw life force from something!
You feel life coursing into your body! Something hits you. Something burns you.
You hear some strange, mumbled words.
A bolt of poison appears from out of thin air!
The bolt of poison hits you!!
You are poisoned.
Casting: Vampiric Draining (dangerous; 2% risk of failure)
Aiming: Vampiric Draining (dangerous; 2% risk of failure)
You draw life force from something!
You feel life coursing into your body.
You feel very sick. Something hits you!
* * * LOW HITPOINT WARNING * * *
Something burns you.
* * * LOW HITPOINT WARNING * * *
Casting: Vampiric Draining (dangerous; 2% risk of failure)
Aiming: Vampiric Draining (dangerous; 2% risk of failure)
You draw life force from something!
You feel life coursing into your body.
You feel sick.
You hear some strange, mumbled words.
A lance of force appears from out of thin air!
The lance of force hits you!!
You die...
Kikubaaqudgha rasps: "You have failed me!
Welcome... death!"

* #.. , ...... #.# * * ##..
* #@# ###########.. * #.#
#.....(Z...Z. , #.#
##.##########) #.#####...##
#) #.#Z.......########)
######.#Z###.............
,........{@####......####..
* #######....#
#.####.#..... #...## #.#
*.#.##.. #.)## #.# ## # #..
#.)#### .###..# *#..
#..)..#* ......##..
#).##.#* ......... #..##.#
#.#####.# #..##.##.###.##
#.#


You could see 2 friendly kobold zombies.

Vanquished Creatures
  2 orc warriors
  A black bear (D:7)
  A centaur (D:7)
  A kobold brigand (D:8)
  Blork the orc (D:5)
  3 bullfrogs
  A jelly (D:5)
  An orc priest (D:8)
  3 iguanas
  2 orc wizards
  3 gnolls (D:6)
  2 adders
  2 worms
  5 dart slugs
  8 orcs
  3 bats
  7 endoplasms
  2 goblins
  5 hobgoblins
  12 kobolds
  3 ball pythons
  A frilled lizard (D:3)
  2 rats (D:2)
71 creatures vanquished.

Vanquished Creatures (collateral kills)
  An iguana (D:7)
  An adder (D:3)
  3 orcs (D:5)
5 creatures vanquished.

Vanquished Creatures (others)
  A bullfrog zombie (D:5)
  A gnoll zombie (D:6)
  7 kobold zombies (D:8)
  3 orc zombies
12 creatures vanquished.

Grand Total: 88 creatures vanquished

Notes
Turn   | Place    | Note
-------+----------+-------------------------------------------
     0 | D:1      | Colgate the Meteoran Necromancer began the quest for the
                  | Orb.
     0 | D:1      | Reached XP level 1. HP: 14/14 MP: 5/5
    62 | D:2      | Reached XP level 2. HP: 20/20 MP: 7/7
   124 | D:3      | Reached XP level 3. HP: 23/26 MP: 0/9
   128 | D:3      | Learned a level 3 spell: Vampiric Draining
   238 | D:3      | Found an opulent altar of Gozag.
   348 | D:3      | Reached XP level 4. HP: 33/33 MP: 7/11
   456 | D:4      | Reached skill level 5 in Spellcasting
   461 | D:4      | Learned a level 4 spell: Animate Dead
   501 | D:4      | Reached XP level 5. HP: 14/38 MP: 9/13
   517 | D:5      | Entered Level 5 of the Dungeon
   549 | D:5      | Found a staircase to the Ecumenical Temple.
   563 | D:5      | Reached skill level 5 in Necromancy
   567 | Temple   | Entered the Ecumenical Temple
   627 | Temple   | Became a worshipper of Kikubaaqudgha
   718 | D:5      | Reached XP level 6. HP: 34/45 MP: 4/15
   746 | D:5      | Identified a scroll of acquirement
   749 | D:5      | Acquired a +2 lajatang of distortion
   758 | D:5      | Noticed an orc warrior
   774 | D:5      | Killed an orc warrior
   775 | D:5      | Reached XP level 7. HP: 44/50 MP: 6/16
   783 | D:5      | Reached skill level 1 in Fighting
   912 | D:5      | Noticed Blork the orc
   923 | D:5      | Killed Blork the orc
   964 | D:6      | Reached skill level 1 in Staves
  1051 | D:7      | Found Danef's Antique Armour Emporium.
  1110 | D:7      | Reached XP level 8. HP: 62/62 MP: 14/17
  1207 | D:8      | Reached * piety under Kikubaaqudgha
  1207 | D:8      | Received a gift from Kikubaaqudgha
  1208 | D:8      | Reached skill level 5 in Staves
  1322 | D:8      | Found a sparkling altar of Nemelex Xobeh.
  1360 | D:8      | Noticed Erica
  1376 | D:8      | Killed from afar by Erica

Illustrated notes

Levels and vault maps discovered:
D:1:      dpeg_arrival_rooms_a, layout_loops_ring, grunt_decor_mini_mirrors
D:2:      kb_forest_paths, layout_basic, serial_shops,
          nicolae_shop_real_fake_doors
D:3:      layout_basic, nicolae_overflow_crystal_walls,
          cheibrodos_sewer_entry_bend
D:4:      layout_basic, uniq_pikel, uniq_eustachio
D:5:      layout_loops_ring, minmay_temple_entry_antechambers,
          uniq_blork_the_orc
D:6:      layout_loops_ring, lemuel_round_altar, ebering_ghost_disaster_area,
          chequers_mini_garden, minmay_unpleasant_kobolds
D:7:      minmay_chambers_of_sevens, layout_gridville, serial_shops,
          nicolae_shop_scrapyard, serial_undead, serial_undead_f,
          serial_undead_b, serial_undead_c, serial_undead_b
D:8:      layout_loops_ring, nemelex_diamond_rough_becter, uniq_erica,
          uniq_maurice
Temple:   eino_temple_lava

Skill      XL: |  1  2  3  4  5  6  7  8 |
---------------+-------------------------+-----
Spellcasting   | 3 4 5 |  5.4
Necromancy     | 5 7 |  7.1
Fighting       | 2 |  2.7
Staves         | 3 7 |  7.5
Dodging        | |  2.4
Stealth        | |  1.4

Action                     |  1- 3 |  4- 6 |  7- 9 || total
---------------------------+-------+-------+-------++-------
  Melee: Short sword       |     3 |    25 |       ||    28
         Lajatang          |       |       |    80 ||    80
   Fire: Sling             |    43 |    33 |       ||    76
   Cast: Necrotise         |    18 |     6 |    25 ||    49
         Vampiric Draining |     4 |    11 |    10 ||    25
         Animate Dead      |       |     2 |     7 ||     9
    Use: Scroll            |       |     5 |       ||     5
   Stab: Sleeping          |     2 |       |       ||     2
 Armour: Robe              |    10 |     5 |     5 ||    20
         Leather armour    |       |       |    28 ||    28
  Dodge: Dodged            |    15 |    25 |    52 ||    92

Table legend: (Time is in decaauts)
 A = Elapsed time spent in this place.
 B = Non-inter-level travel time spent in this place.
 C = Inter-level travel time spent in this place.
 D = Time resting spent in this place.
 E = Time spent auto-exploring this place.
 F = Levels seen in this place.
 G = Mean time per level.
                   A        B        C        D        E       F      G
               +--------+--------+--------+--------+--------+-----+--------+
         Total |   1420 |   1420 |      0 |      0 |     40 |   9 |  157.8 |
       Dungeon |   1350 |   1350 |      0 |      0 |      0 |   8 |  168.8 |
        Temple |     69 |     69 |      0 |      0 |     40 |   1 |   69.0 |
               +--------+--------+--------+--------+--------+-----+--------+

Top non-repeatable levels by time:
     D:5: 342 daAuts
     D:3: 289 daAuts
     D:8: 195 daAuts
     D:7: 160 daAuts
     D:2: 115 daAuts
     D:6: 93 daAuts
     D:4: 93 daAuts
  Temple: 69 daAuts
     D:1: 59 daAuts
